 Dungeon Crawl Stone Soup version 0.29.1-1-gd02db6906a (webtiles) character file.

Game seed: 3083462326271734235

4923 hawla the Arsonist (level 11, -4/78 HPs)
             Began as a Meteoran Fire Elementalist on Oct 6, 2022.
             Slain by an orc warrior
             ... wielding a +0 trident
              (16 damage)
             ... on level 9 of the Dungeon.
             The game lasted 00:29:00 (5565 turns).

hawla the Arsonist (Meteoran Fire Elementalist)     Turns: 5565, Time: 00:29:01

Health: -4/78      AC:  4    Str: 18    XL:     11   Next: 7%
Magic:  23/26      EV: 17    Int: 20    God:
Gold:   298        SH:  0    Dex: 14    Spells: 19/31 levels left

rFire   . . .      SeeInvis .   (no weapon)
rCold   . . .      Faith    .   (no shield)
rNeg    . . .      Spirit   .   a - +1 robe
rPois   .          Reflect  .   (no helmet)
rElec   .          Harm     .   (no cloak)
rCorr   .          Rampage  .   (no gloves)
Will    +....                   q - +0 pair of boots
Stlth   +.........              p - amulet of the acrobat
HPRegen 0.23/turn               h - +4 ring of evasion
MPRegen 0.20/turn               o - +6 ring of strength

@: brilliant, glowing
A: sense surroundings 2, otherworldly, glowing, explore regen
a: no special abilities


You were on level 9 of the Dungeon.
You visited 1 branch of the dungeon, and saw 9 of its levels.
You also visited: Sewer.

You collected 1090 gold pieces.
You spent 792 gold pieces at shops.

Inventory:

Armour
 a - a +1 robe (worn)
 q - a +0 pair of boots (worn)
Jewellery
 h - a +4 ring of evasion (left hand)
 o - a +6 ring of strength (right hand)
 p - an amulet of the acrobat (around neck)
Wands
 l - a wand of charming (22)
 t - a wand of quicksilver (20)
 u - a wand of polymorph (5)
Scrolls
 i - 3 scrolls of enchant weapon
 m - a scroll of butterflies
 r - a scroll of brand weapon
 v - 3 scrolls of identify
Potions
 b - 3 potions of magic
 d - 2 potions of heal wounds
 e - 2 potions of might {unknown}
 f - 2 potions of brilliance
 j - a potion of flight
 k - a potion of curing
 n - a potion of lignification {unknown}
 s - 4 potions of resistance {unknown}
 w - a potion of berserk rage {unknown}


   Skills:
 + Level 1.4 Fighting
 + Level 3.6 Dodging
 - Level 1.4 Stealth
 + Level 10.6 Spellcasting
 + Level 6.7 Conjurations
 + Level 0.5 Translocations
 + Level 11.4 Fire Magic
 + Level 6.8 Poison Magic


You had 19 spell levels left.
You knew the following spells:

 Your Spells              Type           Power      Damage    Failure   Level
a - Foxfire               Conj/Fire      100%       2x1d9     1%          1
b - Scorch                Fire           100%       2d10      1%          2
c - Flame Wave            Conj/Fire      63%        2d15      1%          4
d - Apportation           Tloc           38%        N/A       5%          1
e - Olgreb's Toxic Radia  Pois           54%        N/A       3%          4

Your spell library contained the following spells:

 Spells                   Type           Power      Damage    Failure   Level
 Sting                    Tmut/Pois      100%       1d8       1%          1
 Conjure Flame            Conj/Fire      63%        6-21      1%          3
 Inner Flame              Hex/Fire       50%        N/A       1%          3
 Poisonous Vapours        Pois/Air       72%        N/A       2%          2
 Spider Form              Tmut/Pois      36%        N/A       4%          3
 Freeze                   Ice            64%        1d8       6%          1
 Necrotise                Necr           64%        1d7       6%          1
 Summon Small Mammal      Summ           64%        N/A       6%          1
 Ensorcelled Hibernation  Hex/Ice        32%        N/A       10%         2
 Hailstorm                Conj/Ice       36%        3d9       16%         4
 Frozen Ramparts          Ice            32%        1d5       19%         3
 Anguish                  Hex/Necr       8%         N/A       54%         4
 Ignition                 Fire           35%        3d11      98%         8
 Enfeeble                 Hex            8%         N/A       100%        7
 Ozocubu's Refrigeration  Ice            8%         4d9       100%        7


Dungeon Overview and Level Annotations

Branches:
Dungeon (9/15) Zot: 532       Orc (0/2) D:9           Sewer (visited)
 Temple: D:4-7         Lair: D:8-11

Altars:
Ashenzari
Uskayaw

Shops:
D:1 ==:   D:7 :

Portals:
Bailey: D:9

Annotations:
D:2 1 runed translucent door, Crazy Yiuf


Innate Abilities, Weirdness & Mutations

You passively map the area around you.
You are easily found by Zot.
You glow in the dark.
You regain HP and MP as you explore.


Message History

* * * LOW HITPOINT WARNING * * *
A wave of flame ripples out!
The flame wave engulfs the killer bee!
The killer bee is severely wounded.
The flame wave engulfs the killer bee!
You kill the killer bee!
The flame wave engulfs the killer bee.
The killer bee is severely wounded.
The flame wave engulfs the killer bee!
You kill the killer bee!
The flame wave engulfs the orc!
You kill the orc!
The flame wave engulfs the goblin!!
You kill the goblin!
The flame wave engulfs the killer bee!!
You kill the killer bee!
The flame wave engulfs the goblin!
You kill the goblin!
You feel sick. The killer bee completely misses you.
The killer bee barely misses you.
The killer bee completely misses you. x2
A wave of flame ripples out!
The flame wave engulfs the killer bee!
You kill the killer bee!
The flame wave engulfs the killer bee!
You kill the killer bee!
The flame wave engulfs the goblin.
The goblin is severely wounded.
The flame wave engulfs something!!
Reactivating autopickup.
You feel a bit more experienced.
You finish channelling waves of flame.
You feel sick.
You feel better. The goblin misses you.
Okay, then.
Aiming: Quicksilver Bolt
Press: ? - help, Shift-Dir - straight line, f - yak
Aim: a yak (lightly wounded, 83% to hit)
The bolt of dispelling energy misses the goblin.
The bolt of dispelling energy misses the orc warrior.
The bolt of dispelling energy hits the yak!
The yak is moderately wounded.
The orc warrior hits you from afar with a +0 trident!
You die...

*,,,,,,*,,,,***,,*,*,,,*********,
*,,,,,,*,,,,,,#..#,*,,*,,,,,,,,,*
*,,,,,,*,,,,,,#..#,*,,*,~~~~~~~,*
*,,,,,,*,,,,,,#..#,+,,*~,,~~~,,~*
*,,,,,,+,,,,,,#..#,*,,*~,~,,,~,~*
*,,,,,,*,,,,,,#..#,*,,*~,~,_,~,~*
***,,,,*,,,,,,#..#,****~,~,,,~,~*
*,,,,#+######..#,,,,*~,,~~~,,~*
*,,,,........†@#,,,,*,~~~~~~~,*
***,,,,.......)†g#,,,,*,,,,,,,,,*
,,,,,,,.......))o#,,,,,***##****,
,,,,,,,........)Y#,,,,,*....#****
,,,,,,,.~≈~~≈~~..###,,,#.....,,,,
,,,,,,,.~#####~....#####...#*****
**,,,,,,~*,..#≈...Y........#,,,,,
*,,,,,,~*.∩..~..).........#,,,,,
*,,,,,,~#...#~............+,,,,,


You could see a yak, an orc warrior and a goblin.

Vanquished Creatures
  Maggie (D:8)
  Psyche (D:8)
  Prince Ribbit (D:7)
  Sigmund (D:4)
  A wyvern (D:7)
  5 yaks (D:9)
  2 steam dragons
  Duvessa (D:7)
  An orc warrior (D:7)
  3 ice beasts
  A sky beast (D:7)
  A black bear (D:5)
  3 ogres
  A centaur (D:5)
  3 kobold brigands
  Blork the orc (D:5)
  2 bullfrogs (D:7)
  A necrophage (D:7)
  A gnoll sergeant (D:5)
  A scorpion (D:5)
  Dowan (D:7)
  8 killer bees
  A howler monkey (D:6)
  2 quasits (D:6)
  2 hounds
  A jelly (D:8)
  A gnoll bouda (D:6)
  6 orc priests
  An iguana (D:4)
  5 orc wizards
  12 gnolls
  6 adders
  5 river rats (Sewer)
  5 white imps
  4 ufetubi
  3 worms
  2 dart slugs
  19 orcs
  16 bats
  6 endoplasms
  2 giant cockroaches
  2 hobgoblins
  3 jackals
  22 kobolds
  5 quokkas
  6 ball pythons
  3 frilled lizards
  9 goblins
  5 rats
195 creatures vanquished.

Vanquished Creatures (others)
  2 bats (D:5)
  195 foxfires
197 creatures vanquished.

Grand Total: 392 creatures vanquished

Notes
Turn   | Place    | Note
-------+----------+-------------------------------------------
     0 | D:1      | hawla the Meteoran Fire Elementalist began the quest for
                  | the Orb.
     0 | D:1      | Reached XP level 1. HP: 14/14 MP: 5/5
    42 | D:1      | Found Wujoym's Jewellery Boutique.
   176 | D:1      | Reached XP level 2. HP: 2/20 MP: 2/6
   179 | D:1      | Learned a level 2 spell: Scorch
   259 | D:1      | Reached skill level 4 in Fire Magic
   261 | D:1      | Found a faded altar of an unknown god.
   392 | D:1      | Found Gaymem's Jewellery Shop.
   500 | D:1      | Glimpsed the power of Zot.
   514 | D:1      | Found Baceuxoo's Book Emporium.
   540 | D:2      | Reached XP level 3. HP: 26/26 MP: 5/8
   804 | D:2      | Found a runed translucent door.
   805 | D:2      | Noticed Crazy Yiuf
   854 | D:2      | Reached XP level 4. HP: 33/33 MP: 5/10
   859 | D:2      | Learned a level 4 spell: Flame Wave
   911 | D:2      | Identified the +1 ring mail of Vlad {Will- rCorr Int+4}
  1100 | D:2      | Glimpsed the power of Zot.
  1127 | D:2      | Reached skill level 5 in Fire Magic
  1137 | D:2      | Reached XP level 5. HP: 14/38 MP: 0/11
  1150 | D:2      | Glimpsed the power of Zot.
  1207 | D:3      | Found a glowing drain.
  1369 | Sewer    | Entered a sewer
  1709 | Sewer    | Reached XP level 6. HP: 17/45 MP: 7/12
  1713 | Sewer    | Reached skill level 6 in Fire Magic
  1754 | Sewer    | Glimpsed the power of Zot.
  1796 | Sewer    | Glimpsed the power of Zot.
  1823 | Sewer    | Glimpsed the power of Zot.
  1830 | Sewer    | Touched by the power of Zot.
  2209 | D:3      | Glimpsed the power of Zot.
  2250 | D:4      | Noticed Sigmund
  2256 | D:4      | Killed Sigmund
  2257 | D:4      | Reached skill level 7 in Fire Magic
  2257 | D:4      | Reached XP level 7. HP: 32/50 MP: 8/13
  2809 | D:4      | Glimpsed the power of Zot.
  2846 | D:5      | Entered Level 5 of the Dungeon
  2870 | D:5      | Reached skill level 8 in Fire Magic
  2870 | D:5      | Reached XP level 8. HP: 50/57 MP: 6/15
  3016 | D:5      | Reached skill level 5 in Spellcasting
  3121 | D:5      | Reached skill level 5 in Conjurations
  3367 | D:5      | Reached skill level 9 in Fire Magic
  3369 | D:5      | Noticed Blork the orc
  3371 | D:5      | Gained mutation: You passively map the area around you.
                  | [Meteoran growth]
  3371 | D:5      | Reached XP level 9. HP: 51/63 MP: 2/20
  3407 | D:4      | Glimpsed the power of Zot.
  3448 | D:5      | Learned a level 1 spell: Apportation
  3456 | D:5      | Glimpsed the power of Zot.
  3842 | D:6      | Found a broken altar of Ashenzari.
  3846 | D:6      | Saw a vision of the Shoals and the Spider Nest.
  3846 | D:6      | Noticed a water nymph
  3846 | D:6      | Noticed a snapping turtle
  3846 | D:6      | Noticed a water nymph
  3846 | D:6      | Noticed a torpor snail
  3846 | D:6      | Noticed a merfolk
  3846 | D:6      | Noticed an alligator snapping turtle
  3846 | D:6      | Noticed a demonic crawler
  3846 | D:6      | Noticed an orb spider
  3846 | D:6      | Noticed a torpor snail
  4005 | D:6      | Glimpsed the power of Zot.
  4047 | D:7      | Noticed Duvessa
  4049 | D:7      | Noticed Dowan
  4061 | D:6      | Learned a level 4 spell: Olgreb's Toxic Radiance
  4069 | D:7      | Killed Duvessa
  4069 | D:7      | Killed Dowan
  4173 | D:7      | Reached skill level 5 in Poison Magic
  4184 | D:7      | Found Kejayshro's Book Boutique.
  4261 | D:7      | Noticed Prince Ribbit
  4264 | D:7      | Killed Prince Ribbit
  4281 | D:7      | Reached XP level 10. HP: 69/70 MP: 14/23
  4412 | D:7      | Reached skill level 1 in Fighting
  4599 | D:1      | Bought a book of Frost for 264 gold pieces
  4601 | D:1      | Glimpsed the power of Zot.
  4650 | D:3      | Glimpsed the power of Zot.
  4683 | D:5      | Identified a scroll of acquirement
  4683 | D:5      | Acquired 756 gold pieces
  4687 | D:5      | Reached skill level 10 in Fire Magic
  4689 | D:5      | Glimpsed the power of Zot.
  4699 | D:5      | Touched by the power of Zot.
  4712 | D:5      | Killed Blork the orc
  4805 | D:8      | Noticed Psyche
  4808 | D:8      | Killed Psyche
  4834 | D:8      | Found a hide-covered altar of Uskayaw.
  4834 | D:8      | Noticed Maggie
  4845 | D:8      | Killed Maggie
  4926 | D:8      | Reached skill level 11 in Fire Magic
  5115 | D:8      | Reached skill level 10 in Spellcasting
  5399 | D:8      | Glimpsed the power of Zot.
  5481 | D:7      | Bought the Unrestrained Analects for 528 gold pieces
  5527 | D:9      | Reached XP level 11. HP: 60/78 MP: 2/26
  5551 | D:9      | Found a flagged portal.
  5565 | D:9      | Slain by an orc warrior

Illustrated notes

Levels and vault maps discovered:
D:1:      amcnicky_arrival_wind_blow, layout_basic,
          ebering_ecumenical_altar_rust, serial_shops, shop, nicolae_shop_stone,
          shop
D:2:      layout_loops_cross, uniq_crazy_yiuf_cottage
D:3:      layout_loops_corners, portal_sewer_entry_f, uniq_robin
D:4:      layout_basic, uniq_sigmund
D:5:      layout_rooms, old_standard_altar, zin_academy, temple_hall,
          roderic_batcave, kennysheep_generic_room_14, uniq_eustachio,
          uniq_blork_the_orc, uniq_grinder
D:6:      layout_loops_ring, grunt_ashenzari_visionary
          [grunt_ashenzari_visionary_shoals, grunt_ashenzari_visionary_spider],
          serial_demonic, serial_demonic_d, serial_demonic_d, serial_demonic_g,
          serial_demonic_f
D:7:      layout_rooms, serial_shops, shop, uniq_prince_ribbit1, uniq_duvessa
D:8:      layout_loops_ring, nicolae_uskayaw_murder_on_the_dancefloor,
          uniq_psyche, uniq_maggie
D:9:      layout_irregular_city, kennysheep_mini_moat,
          mainiacjoe_overflow_paths, erik_orc_1, enter_bailey_3, uniq_grum

Skill      XL: |  1  2  3  4  5  6  7  8  9 10 |
---------------+-------------------------------+-----
Fire Magic     | 4 5 7 8 9 11 | 11.4
Spellcasting   | 3 4 6 8 10 | 10.6
Conjurations   | 2 3 4 5 6 |  6.7
Dodging        | 3 |  3.6
Poison Magic   | 6 |  6.8
Fighting       | 1 |  1.4
Stealth        | |  1.4
Translocations | |  0.5

Action                   |  1- 3 |  4- 6 |  7- 9 | 10-12 || total
-------------------------+-------+-------+-------+-------++-------
Melee: Unarmed           |     8 |    13 |     8 |     7 ||    36
 Cast: Foxfire           |    20 |    36 |    43 |    22 ||   121
       Scorch            |    12 |    22 |    36 |    28 ||    98
       Flame Wave        |       |     5 |    19 |    13 ||    37
       Apportation       |       |       |     3 |       ||     3
       Olgreb's Toxic Ra |       |       |       |     7 ||     7
Evoke: Wand              |       |       |       |     2 ||     2
  Use: Scroll            |       |    10 |     9 |     3 ||    22
       Potion            |       |     2 |       |     3 ||     5
Armor: Robe              |     3 |     6 |     9 |    10 ||    28
Dodge: Dodged            |     7 |    28 |    84 |    89 ||   208
